 Dungeon Crawl Stone Soup version bcrawl-1.18.1 (webtiles) character file.

Game seed: 5750646655467587411

532 Freyura the Cudgeler (level 7, -11/44 HPs)
             Began as a Gargoyle Fighter on Nov 10, 2019.
             Blown up by Natasha (19 damage)
             ... with a wand of disintegration (4)
             ... on level 3 of the Dungeon.
             The game lasted 00:08:02 (2708 turns).

Freyura the Cudgeler (Gargoyle Fighter)             Turns: 2708, Time: 00:08:02

Health: -11/44     AC: 20    Str: 19    XL:     7   Next: 24%
Magic:  7/7        EV:  7    Int:  9    God:
Gold:   146        SH:  9    Dex: 11    Spells: 6/6 levels left

rFire    . . .     SeeInvis .   x - +1 mace (protect)
rCold    . . .     Gourm    .   c - +0 shield
rNeg     + . .     Faith    .   b - +0 scale mail
rPois    ∞         Spirit   .   (no helmet)
rElec    +         Reflect  .   (no cloak)
rCorr    .         Harm     .   (no gloves)
MR       .....                  o - +0 pair of boots
Stlth    ..........             (no amulet)
HPRegen  0.14/turn              (no ring)
MPRegen  0.10/turn              (no ring)

@: protection aura
A: negative energy resistance 1, electricity resistance, unbreathing,
petrification resistance, rot immunity, AC +4
a: no special abilities


You were on level 3 of the Dungeon.
You were not hungry.

You visited 1 branch of the dungeon, and saw 3 of its levels.

You collected 146 gold pieces.

Inventory:

Hand Weapons
 a - a +0 flail
 x - a +1 mace of protection (weapon)
Armour
 b - a +0 scale mail (worn)
 c - a +0 shield (worn)
 h - a +0 large shield
 j - a cursed +0 chain mail
 o - a +0 pair of boots (worn)
Wands
 d - a wand of digging (5)
 n - a wand of paralysis (8)
Scrolls
 g - 4 scrolls of identify {unknown}
 i - 3 scrolls of enchant weapon {unknown}
 k - a scroll of noise {unknown}
 l - a scroll of remove curse {unknown}
 m - a scroll of fog {unknown}
 t - a scroll of magic mapping {unknown}
 v - a scroll of teleportation {unknown}
Potions
 e - 3 potions of brilliance
 p - 7 potions of curing {unknown}
 q - a potion of lignification {unknown}
 r - a potion of flight {unknown}
 s - a potion of agility {unknown}
 u - a potion of cancellation {unknown}
 w - a potion of resistance {unknown}
Comestibles
 f - 6 rations {!d}


   Skills:
 + Level 5.0 Fighting
 * Level 5.0 Maces & Flails
 + Level 4.9 Armour
 + Level 4.8 Shields


You had 6 spell levels left.
You didn't know any spells.
Your spell library was empty.

Dungeon Overview and Level Annotations

Branches:
Dungeon (3/12)

Altars:
Cheibriados

Annotations:
D:3 Natasha


Innate Abilities, Weirdness & Mutations

You are resistant to torment.
Your stone body is resilient. (AC +4)
You are immune to poison.
You resist negative energy. (rN+)
You are resistant to electric shocks. (rElec)
You can survive without breathing.
You are immune to petrification.
You are immune to rotting.


Message History

You are too injured to fight recklessly!
You are too injured to fight recklessly!
You are too injured to fight recklessly!
You closely miss Natasha.
Natasha is lightly wounded.
Natasha casts a spell at you. The magic dart hits you!
You block Natasha's attack.
You hit Natasha but do no damage.
Natasha is lightly wounded.
Natasha zaps a wand.
You are blasted!
* * * LOW HITPOINT WARNING * * *
You hit Natasha.
Natasha is moderately wounded.
Natasha wildly gestures.
You feel troubled. Natasha barely misses you.
You closely miss Natasha.
Natasha is moderately wounded.
Natasha zaps a wand.
You are blasted!
You die...

########### #
#.........#####
#######..♣♣♣♣♣.....##
#[.......♣ ♣♣....##
###..h@...♣♣ ♣....##
...........♣♣ ♣.....'
.......###..♣♣♣♣♣♣..####
>.......................
.........#####.###..####
.......#....)...###.#
.......#........# #.#
.......##.......# #.#
...... #.......# #.#


You could see Natasha.

Vanquished Creatures
  Grinder (D:3)
  An ogre (D:3)
  An orc wizard (D:3)
  Jessica (D:3)
  Natasha (twice) (D:3)
  A worker ant (D:3)
  2 adders (D:3)
  6 dart slugs
  5 worms
  3 leopard geckos
  5 orcs (D:3)
  A ball python (D:1)
  4 giant cockroaches
  11 hobgoblins
  7 jackals (D:1)
  12 kobolds
  3 quokkas
  3 bats
  3 frilled lizards
  4 goblins
  9 rats
85 creatures vanquished.

Notes
Turn   | Place    | Note
-------+----------+-------------------------------------------
     0 | D:1      | Freyura the Gargoyle Fighter began the quest for the Orb.
     0 | D:1      | Reached XP level 1. HP: 14/14 MP: 1/1
   144 | D:1      | Reached XP level 2. HP: 19/19 MP: 2/2
   449 | D:1      | Reached XP level 3. HP: 23/23 MP: 3/3
  1031 | D:2      | Reached XP level 4. HP: 29/29 MP: 4/4
  1399 | D:2      | Found a snail-covered altar of Cheibriados.
  1510 | D:3      | Noticed Jessica
  1517 | D:3      | Killed Jessica
  1572 | D:3      | Reached XP level 5. HP: 33/33 MP: 5/5
  1647 | D:3      | Noticed Grinder
  1671 | D:3      | Noticed an ogre
  1677 | D:3      | HP: 1/33 [ogre/cursed +0 giant club (2)]
  1686 | D:3      | Killed an ogre
  1688 | D:3      | Paralysed by Grinder for 3 turns
  1693 | D:3      | Killed Grinder
  1693 | D:3      | Reached XP level 6. HP: 4/39 MP: 6/6
  2059 | D:3      | Reached XP level 7. HP: 35/44 MP: 7/7
  2112 | D:3      | Noticed Natasha
  2124 | D:3      | Killed Natasha
  2315 | D:3      | Noticed Natasha
  2328 | D:3      | Killed Natasha
  2576 | D:3      | Reached skill level 5 in Maces & Flails
  2589 | D:3      | Reached skill level 5 in Fighting
  2698 | D:3      | Noticed Natasha
  2708 | D:3      | Blown up by Natasha

Skill      XL: |  1  2  3  4  5  6  7 |
---------------+----------------------+-----
Maces & Flails | 3 4 5 |  5.0
Fighting       | 4 5 |  5.0
Armour         | 4 |  4.9
Shields        | 4 |  4.8

Action                   |  1- 3 |  4- 6 |  7- 9 || total
-------------------------+-------+-------+-------++-------
Melee: Flail             |   150 |   111 |    40 ||   301
       Mace              |       |       |     7 ||     7
  Use: Potion            |       |     2 |       ||     2
  Eat: Chunk             |     1 |     3 |     2 ||     6
Armor: Scale mail        |    76 |    57 |    31 ||   164
Dodge: Dodged            |    70 |    21 |    18 ||   109
Block: Shield            |   101 |    50 |    31 ||   182
